 Dungeon Crawl Stone Soup version 0.20.2-3-g29329e0561 (webtiles) character file.

9243 Alfie the Carver (level 11, -10/97 HPs)
             Began as a Minotaur Fighter on Oct 21, 2020.
             Mangled by Rupert
             ... wielding a +1 great sword of protection
              (26 damage)
             ... on level 12 of the Dungeon.
             The game lasted 00:33:24 (8371 turns).

Alfie the Carver (Minotaur Fighter)                 Turns: 8371, Time: 00:33:25

Health: -10/97     AC: 15    Str: 20    XL:     11   Next: 20%
Magic:  10/10      EV: 13    Int:  5    God:
Gold:   202        SH:  0    Dex: 10    Spells: 9/10 levels left

rFire    . . .     SeeInvis .   a - +0 long sword
rCold    + . .     Gourm    .   (no shield)
rNeg     . . .     Faith    .   h - +3 ring mail {rPois}
rPois    +         Spirit   .   (helmet restricted)
rElec    .         Reflect  .   (no cloak)
rCorr    .         Harm     .   (no gloves)
MR       .....                  r - +2 pair of boots {Fly}
Stlth    +.........             (no amulet)
Regen    0.3/turn               g - ring of protection from cold
MPRegen  0.2/turn               x - ring of stealth

@: confused, flying
A: retaliatory headbutt, horns 2, yellow scales 1, weak 2
a: Stop Flying


You were on level 12 of the Dungeon.
You were hungry.

You visited 1 branch of the dungeon, and saw 12 of its levels.

You collected 432 gold pieces.
You spent 230 gold pieces at shops.

Inventory:

Hand Weapons
 a - a +0 long sword (weapon)
Missiles
 m - 8 tomahawks (quivered)
Armour
 c - a +1 shield
 h - a +3 ring mail of poison resistance (worn)
 r - a +2 pair of boots of flying (worn)
 B - the +18 shield of the Gong {rElec rN+ MR+ EV-5}
   (You acquired it on level 11 of the Dungeon)

   It affects your evasion (-5).
   It insulates you from electricity.
   It protects you from negative energy.
   It affects your resistance to hostile enchantments.
Jewellery
 g - a ring of protection from cold (left hand)
 s - an uncursed ring of flight
 w - an uncursed amulet of rage
 x - a ring of stealth (right hand)
Wands
 l - a wand of flame (17/48)
 n - a wand of acid (1/15)
 p - a wand of lightning (9/15)
 u - a wand of flame (22/48)
 v - a wand of iceblast (6/15)
Scrolls
 d - a scroll of noise {unknown}
 e - a scroll of remove curse
 i - 4 scrolls of identify
 y - a scroll of fear
 z - a scroll of enchant armour
 A - a scroll of acquirement
Potions
 b - a potion of curing
 j - a potion of agility
Books
 q - a book of Battle

   Spells                             Type                      Level
   a - Infusion                       Charms                       1
   b - Shroud of Golubria             Charms/Translocation         2
   c - Song of Slaying                Charms                       2
   d - Spectral Weapon                Hexes/Charms                 3
   e - Regeneration                   Charms/Necromancy            3
 t - a book of Air

   Spells                             Type                      Level
   a - Shock                          Conjuration/Air              1
   b - Swiftness                      Charms/Air                   2
   c - Static Discharge               Conjuration/Air              3
   d - Airstrike                      Air                          4
   e - Lightning Bolt                 Conjuration/Air              5
Comestibles
 f - 7 bread rations
 k - 8 royal jellies
 o - 5 meat rations


   Skills:
 + Level 9.1 Fighting
 + Level 12.4 Long Blades
 + Level 0.8 Throwing
 + Level 9.3 Armour
 + Level 6.4 Dodging
 + Level 1.3 Stealth
 + Level 9.9 Shields
 + Level 0.5 Evocations


You had 9 spell levels left.
You knew the following spells:

 Your Spells              Type           Power        Failure   Level  Hunger
a - Infusion              Chrm           #...         63%         1    ##.....


Dungeon Overview and Level Annotations

Branches:
Dungeon (12/15)            Temple (0/1) D:4             Orc (0/2) D:9
   Lair: D:8-11

Altars:
Ashenzari
Cheibriados
Elyvilon
Fedhas
Hepliaklqana
Okawaru
Qazlal
Ru
Sif Muna
Trog
Xom
Yredelemnul
Zin
The Shining One

Shops:
D:9 [

Annotations:
D:11 Alfie's ghost, novice MiHu
D:12 Rupert


Innate Abilities, Weirdness & Mutations

You reflexively headbutt those who attack you in melee.
You have a pair of horns on your head.
You are partially covered in yellow scales. (AC +2)
You are very weak. (Str -4)


Message History

Found a stone staircase leading up and a stone staircase leading down.
There is a stone staircase leading up here.
Rupert misses you.
You barely miss Rupert. You headbutt Rupert, but do no damage.
Rupert hits you with a great sword of protection.
* * * LOW HITPOINT WARNING * * *
You hit Rupert but do no damage. Your headbutt misses Rupert.
The hungry ghost hits you.
You feel a lot more hungry.
You slash Rupert!
Rupert is lightly wounded.
Rupert yells loudly at you.
You are confused.
The hungry ghost hits you.
* * * LOW HITPOINT WARNING * * *
You are feeling hungry.
Rupert roars madly and goes into a rage!
Rupert goes berserk!
You're too confused to move!
Rupert hits you with a great sword of protection!!
You die...

#######
##.....##
##..<....##
#.........#
#..(......#
#...W..<..#
#.$@@......#
#...........
#...........
#....>......
#..........#
#...........
#.........#.
##.........


You could see Rupert (berserk) and a hungry ghost.

Vanquished Creatures
  The ghost of Alfie the Archer, a journeyman MiHu (D:10)
  A queen ant (D:9)
  An unseen horror (D:10)
  Sigmund (D:4)
  2 hogs (D:7)
  2 yaks (D:7)
  A human (D:7)
  2 hungry ghosts
  Edmund (D:7)
  An acid dragon (D:10)
  9 soldier ants
  2 orc warriors (D:9)
  2 sky beasts
  A black bear (D:7)
  5 ice beasts
  7 ogres
  6 centaurs
  A crocodile (D:9)
  A big kobold (D:10)
  7 bullfrogs
  4 scorpions
  15 wights
  2 howler monkeys
  5 crimson imps
  A centaur zombie (D:7)
  A hound (D:6)
  A quasit (D:9)
  6 orc priests
  A jelly (D:6)
  A centaur skeleton (D:10)
  A gnoll shaman (D:5)
  3 bullfrog skeletons
  2 iguanas
  Natasha (thrice) (D:2)
  4 orc wizards
  18 worker ants
  A killer bee zombie (D:7)
  2 hound skeletons (D:5)
  A worker ant zombie (D:8)
  6 gnolls (D:5)
  6 adders
  A shadow imp (D:5)
  2 oozes
  An adder skeleton (D:9)
  An adder zombie (D:8)
  4 dart slugs
  A worm (D:3)
  5 leopard geckos
  24 orcs
  A ball python (D:1)
  6 giant cockroaches
  2 gnoll zombies (D:7)
  5 goblins
  5 hobgoblins
  15 jackals
  8 quokkas
  8 bats
  3 frilled lizards
  A giant cockroach zombie (D:5)
  9 kobolds
  5 rats
245 creatures vanquished.

Notes
Turn   | Place    | Note
-------+----------+-------------------------------------------
     0 | D:1      | Alfie the Minotaur Fighter began the quest for the Orb.
     0 | D:1      | Reached XP level 1. HP: 19/19 MP: 0/0
   157 | D:1      | Reached XP level 2. HP: 27/27 MP: 1/1
   271 | D:1      | Reached XP level 3. HP: 29/33 MP: 2/2
   995 | D:2      | Found a snail-covered altar of Cheibriados.
  1004 | D:2      | Reached skill level 3 in Long Blades
  1009 | D:2      | Found a shattered altar of Ashenzari.
  1244 | D:2      | Noticed Natasha
  1254 | D:2      | Killed Natasha
  1254 | D:2      | Reached skill level 1 in Dodging
  1254 | D:2      | Reached XP level 4. HP: 34/40 MP: 3/3
  1683 | D:2      | Noticed Natasha
  1692 | D:2      | Killed Natasha
  1903 | D:2      | Noticed Natasha
  1908 | D:2      | Killed Natasha
  1908 | D:2      | Reached XP level 5. HP: 33/46 MP: 4/4
  1988 | D:3      | Reached skill level 4 in Long Blades
  1998 | D:3      | Found a sacrificial altar of Ru.
  2021 | D:3      | Found a white marble altar of Elyvilon.
  2021 | D:3      | Found a glowing silver altar of Zin.
  2021 | D:3      | Found a glowing golden altar of the Shining One.
  2207 | D:3      | You fall through a shaft for 3 floors!
  2226 | D:6      | Reached skill level 5 in Shields
  2226 | D:6      | Reached XP level 6. HP: 32/52 MP: 5/5
  2242 | D:6      | Learned a level 1 spell: Infusion
  2249 | D:6      | Noticed Edmund
  2260 | D:6      | Noticed an ice beast
  2261 | D:6      | Gained mutation: You are weak. (Str -2) [potion of mutation]
  2261 | D:6      | Gained mutation: You are very weak. (Str -4) [potion of mutation]
  2261 | D:6      | Gained mutation: You are partially covered in yellow scales. (AC +2) [potion of mutation]
  2386 | D:6      | HP: 1/52 [ogre/giant club (14)]
  2388 | D:6      | Reached skill level 5 in Long Blades
  2473 | D:5      | Entered Level 5 of the Dungeon
  2540 | D:4      | Noticed Sigmund
  2572 | D:4      | HP: 1/53 [something (7)]
  2574 | D:4      | Killed Sigmund
  2574 | D:4      | Reached skill level 5 in Armour
  2574 | D:4      | Reached XP level 7. HP: 36/60 MP: 6/6
  2803 | D:3      | Reached skill level 5 in Fighting
  2803 | D:3      | Reached skill level 6 in Long Blades
  3337 | D:4      | Found a stormy altar of Qazlal.
  3338 | D:4      | Noticed an air elemental
  3340 | D:4      | Noticed a fire elemental
  3340 | D:4      | Noticed a water elemental
  3427 | D:4      | Found a blossoming altar of Fedhas.
  3481 | D:4      | Found an iron altar of Okawaru.
  3543 | D:4      | Found a staircase to the Ecumenical Temple.
  4049 | D:5      | Reached skill level 7 in Long Blades
  4068 | D:5      | Reached XP level 8. HP: 15/69 MP: 7/7
  4352 | D:5      | Found a deep blue altar of Sif Muna.
  4677 | D:6      | Reached skill level 8 in Long Blades
  4945 | D:7      | Found a basalt altar of Yredelemnul.
  5238 | D:7      | Reached skill level 9 in Long Blades
  5238 | D:7      | Reached XP level 9. HP: 52/75 MP: 8/8
  5244 | D:7      | Found a hazy altar of Hepliaklqana.
  5245 | D:7      | Found a shimmering altar of Xom.
  5246 | D:7      | Noticed a spectral ugly thing
  5264 | D:7      | Found a bloodstained altar of Trog.
  5350 | D:7      | Killed Edmund
  5562 | D:7      | Reached skill level 10 in Long Blades
  5847 | D:8      | Reached skill level 5 in Dodging
  6082 | D:8      | Reached XP level 10. HP: 59/86 MP: 9/9
  6600 | D:9      | Reached skill level 11 in Long Blades
  6750 | D:9      | Noticed a queen ant
  6779 | D:9      | Killed a queen ant
  6853 | D:10     | Entered Level 10 of the Dungeon
  6876 | D:10     | Noticed Alfie's ghost (journeyman MiHu)
  6956 | D:9      | Found a staircase to the Orcish Mines.
  6969 | D:9      | Reached skill level 1 in Stealth
  7032 | D:11     | Noticed Alfie's ghost (novice MiHu)
  7057 | D:9      | Found Oclysih's Armour Shop.
  7073 | D:9      | Bought a +3 ring mail of poison resistance for 230 gold pieces
  7368 | D:10     | HP: 2/90 [orc warrior/short sword (6)]
  7535 | D:9      | Reached skill level 12 in Long Blades
  7741 | D:10     | Killed Alfie's ghost
  7741 | D:10     | Reached XP level 11. HP: 84/97 MP: 10/10
  7765 | D:10     | Killed an unseen horror
  8306 | D:11     | Identified 2 scrolls of acquirement
  8363 | D:12     | Noticed Rupert
  8371 | D:12     | Mangled by Rupert

Skill      XL: |  1  2  3  4  5  6  7  8  9 10 |
---------------+-------------------------------+-----
Shields        | 4 5 6 8 9 |  9.9
Armour         | 4 5 7 8 9 |  9.3
Long Blades    | 3 4 5 7 9 10 12 | 12.4
Dodging        | 1 2 3 4 5 6 |  6.4
Fighting       | 4 5 6 7 9 |  9.1
Stealth        | 1 |  1.3
Throwing       | |  0.8
Evocations     | |  0.5

Action                   |  1- 3 |  4- 6 |  7- 9 | 10-12 || total
-------------------------+-------+-------+-------+-------++-------
Melee: Long sword        |    78 |   105 |   488 |   431 ||  1102
       Headbutt          |    14 |    17 |    95 |   100 ||   226
Throw: Tomahawk          |       |       |     3 |     5 ||     8
Evoke: Wand              |       |       |     3 |     1 ||     4
  Use: Scroll            |     2 |     5 |     6 |     8 ||    21
       Potion            |       |     6 |     1 |     6 ||    13
  Eat: Fruit             |     1 |     2 |       |       ||     3
       Bread ration      |       |     1 |     2 |     1 ||     4
       Meat ration       |       |       |     1 |     1 ||     2
       Royal jelly       |       |       |       |     1 ||     1
Armor: Scale mail        |    58 |    48 |   147 |    62 ||   315
       Ring mail         |       |       |       |    94 ||    94
       Skin              |       |       |       |     1 ||     1
Dodge: Dodged            |    32 |    33 |   150 |   119 ||   334
Block: Shield            |    73 |    41 |   220 |   215 ||   549
       Rpst.: Long sword |    10 |     6 |    40 |    27 ||    83
